 Dungeon Crawl Stone Soup version 0.26-a0-27-g1f0226971c (webtiles) character file.

Game seed: 7565308100336858284, levelgen mode: deterministic

42146 Dirian the Fencer (level 13, -2/174 HPs)
             Began as a Minotaur Fighter on May 27, 2020.
             Was a High Priest of Okawaru.
             Succumbed to a death drake's dark miasma
             ... on level 14 of the Dungeon.
             The game lasted 00:42:52 (17145 turns).

Dirian the Fencer (Minotaur Fighter)               Turns: 17145, Time: 00:42:53

Health: -2/174     AC: 24    Str: 26    XL:     13   Next: 83%
Magic:  18/18      EV:  7    Int:  3    God:    Okawaru [*****.]
Gold:   335        SH: 20    Dex: 10    Spells: 12/12 levels left

rFire    . . .     SeeInvis +   S - +6 scimitar (protect)
rCold    . . .     Gourm    .   c - +1 kite shield
rNeg     . . .     Faith    .   o - +1 plate armour {MR+}
rPois    .         Spirit   .   (helmet restricted)
rElec    .         Reflect  +   N - scarf {repulsion}
rCorr    .         Harm     .   k - +0 pair of gloves
MR       ++...                  (no boots)
Stlth    ..........             A - amulet of reflection
HPRegen  0.39/turn              e - ring of see invisible
MPRegen  0.16/turn              (no ring)

@: berserking (expiring), lethally poisoned (-2 -> -43), protection aura,
slowed, repel missiles
A: retaliatory headbutt, horns 2, dopey 1, magic resistance 1
a: Heroism, Finesse, Renounce Religion


You were on level 14 of the Dungeon.
You worshipped Okawaru.
Okawaru was extremely pleased with you.
You were not hungry.

You visited 2 branches of the dungeon, and saw 16 of its levels.

You collected 760 gold pieces.
You spent 425 gold pieces at shops.

Inventory:

Hand Weapons
 G - a +3 scimitar of flaming
 P - a +0 demon blade of venom
 S - a +6 scimitar of protection (weapon)
Armour
 c - a +1 kite shield (worn)
 k - a +0 pair of gloves (worn)
 o - a +1 plate armour of magic resistance (worn)
 r - a +0 cloak of magic resistance
 N - a scarf of repulsion (worn)
Jewellery
 e - a ring of see invisible (left hand)
 h - an uncursed ring of protection from magic
 m - an uncursed ring of resist corrosion
 w - an uncursed ring of poison resistance
 y - an uncursed amulet of the acrobat
 A - an amulet of reflection (around neck)
 D - an uncursed ring of protection from fire
 Q - a +6 ring of intelligence
 W - an uncursed ring of protection from fire
Wands
 l - a wand of disintegration (14)
 p - a wand of random effects (23)
 K - a wand of enslavement (3)
 R - a wand of paralysis (12)
Scrolls
 b - 6 scrolls of identify
 i - 6 scrolls of remove curse
 j - 6 scrolls of enchant armour
 q - 2 scrolls of fear
 v - 3 scrolls of teleportation
 z - 2 scrolls of noise
 E - 3 scrolls of magic mapping
 F - a scroll of fog
 O - 2 scrolls of immolation
 V - 2 scrolls of blinking
Potions
 t - a potion of berserk rage
 u - 4 potions of stabbing
 x - 3 potions of haste
 C - 5 potions of curing
 I - a potion of might
 J - a potion of ambrosia
 M - a potion of mutation
 T - a potion of brilliance
Comestibles
 f - 24 rations


   Skills:
 + Level 11.0 Fighting
 * Level 16.5 Long Blades
 + Level 11.7 Armour
 + Level 14.6 Shields
 * Level 8.0 Invocations


You had 12 spell levels left.
You didn't know any spells.
Your spell library contained the following spells:

 Spells                   Type           Power        Failure   Level  Hunger
 Infusion                 Chrm           #...         99%         1    ##.....
 Song of Slaying          Chrm           #.......     100%        2    ###....
 Frozen Ramparts          Ice            #.....       100%        3    ####...
 Inner Flame              Hex/Fire       #.......     100%        3    ####...
 Ozocubu's Armour         Chrm/Ice       #.......     100%        3    ####...
 Ice Form                 Ice/Tmut       #.......     100%        4    #####..
 Summon Demon             Summ           #.........   100%        5    ######.
 Summon Forest            Summ/Tloc      #.........   100%        5    ######.
 Spellforged Servitor     Conj/Summ      #.........   100%        7    #######


Dungeon Overview and Level Annotations

Branches:
Dungeon (15/15)            Temple (1/1) D:7            Lair (0/6) D:9
    Orc (0/2) D:11         Vaults (0/5) D:13
 Depths: D:15

Altars:
Ashenzari
Cheibriados
Dithmenos
Elyvilon
Fedhas
Gozag
Hepliaklqana
Kikubaaqudgha
Makhleb
Nemelex Xobeh
Okawaru
Qazlal
Ru
Sif Muna
Trog
Uskayaw
Vehumet
Wu Jian
Xom
Yredelemnul
Zin
The Shining One

Shops:
D:4 [   D:9 !   D:11 [   D:14 ?


Innate Abilities, Weirdness & Mutations

You reflexively headbutt those who attack you in melee.
You have a pair of horns on your head.
You are dopey. (Int -2)
You are resistant to hostile enchantments. (MR+)


Message History

You feel extremely sick. The death drake barely misses you.
You furiously retaliate!
You headbutt the death drake!
You riposte.
You hit the death drake.
Your weapon exudes an aura of protection.
You headbutt the death drake!
You kill the death drake!
Okawaru accepts your kill.
Your Fighting skill increases to level 11!
You feel a strong urge to attack something.
* * * LOW HITPOINT WARNING * * *
You feel very sick.
There is a stone staircase leading down here.
* * * LOW HITPOINT WARNING * * *
You feel very sick.
There is a lethal amount of poison in your body!
There is a lethal amount of poison in your body!
You are too berserk!
You feel your anger nearly subside.
You die...
Xom roars with laughter!

#.......#...........#
#(..#...#...........#
#########...#...#...........#
....................[.......#
.........############'##....#
##..#..#.+.............#.#..#
.........#######.##...##....#
.....##### ##>##...#.....#
..##.#..# #.@##...#..##.#
.....##'# ############.....#
##...#..####................#
#...#.....#.#........#..##.#
#...#.....#....###...#.....#
##...#'#####................#
............................#
#.....#.......##.....#....#.#
#..#..#..##..>..............#


There were no monsters in sight!

Vanquished Creatures
  Rupert (D:12)
  Kirke (D:12)
  Agnes (D:14)
  An ironheart preserver (D:13)
  Josephine (D:10)
  3 centaur warriors
  A two-headed ogre (D:10)
  Erica (D:11)
  A death knight (D:14)
  A death drake (shapeshifter) (D:14)
  2 unseen horrors
  11 ugly things
  A mana viper (shapeshifter) (D:15)
  A deep elf mage (D:13)
  A guardian serpent (shapeshifter) (D:13)
  An elephant (D:9)
  3 kobold demonologists
  5 gargoyles
  Maggie (D:6)
  A freezing wraith (D:14)
  5 trolls
  2 hornets
  6 slime creatures (D:13)
  Grinder (D:5)
  5 hippogriffs
  Sigmund (D:2)
  3 vampires
  6 wraiths
  A basilisk (D:9)
  A steam dragon (D:10)
  3 hogs (D:12)
  Eustachio (D:5)
  18 yaks
  4 hungry ghosts
  Menkaure (D:5)
  An acid dragon (D:11)
  10 vampire mosquitoes
  2 soldier ants (D:8)
  Duvessa (D:5)
  9 orc warriors
  5 ice beasts
  A black bear (D:9)
  3 phantoms
  A boggart (D:15)
  2 sky beasts
  A necrophage (D:12)
  15 centaurs
  11 ogres
  A crocodile (D:9)
  8 big kobolds
  8 bullfrogs
  A wyvern zombie (D:11)
  Dowan (D:5)
  3 scorpions
  14 killer bees
  4 howler monkeys
  5 crimson imps
  7 centaur zombies
  8 hounds
  A lava snake (D:11)
  A bullfrog zombie (D:10)
  3 jellies
  5 orc priests
  2 centaur skeletons
  14 orc wizards
  Jessica (D:3)
  3 bullfrog skeletons
  Terence (D:2)
  5 iguanas
  12 worker ants
  Natasha (D:2)
  2 hound zombies
  A howler monkey skeleton (D:5)
  10 adders
  4 gnolls (D:10)
  A shadow imp (D:11)
  An ooze (D:8)
  5 worms
  A dart slug (D:1)
  A leopard gecko (D:7)
  52 orcs
  10 giant cockroaches
  5 goblins
  7 hobgoblins
  16 jackals
  46 kobolds
  4 quokkas
  A ball python (D:3)
  7 bats
  5 frilled lizards
  A jackal skeleton (D:6)
  A leopard gecko skeleton (D:8)
  A quokka skeleton (D:7)
  5 rats
455 creatures vanquished.

Notes
Turn   | Place    | Note
-------+----------+-------------------------------------------
     0 | D:1      | Dirian the Minotaur Fighter began the quest for the Orb.
     0 | D:1      | Reached XP level 1. HP: 19/19 MP: 0/0
   302 | D:1      | Reached XP level 2. HP: 26/27 MP: 1/1
   858 | D:2      | Reached XP level 3. HP: 33/33 MP: 2/2
   978 | D:2      | Noticed Terence
   985 | D:2      | Killed Terence
   985 | D:2      | Reached skill level 3 in Long Blades
  1054 | D:2      | Noticed Sigmund
  1067 | D:2      | Killed Sigmund
  1067 | D:2      | Reached skill level 4 in Long Blades
  1067 | D:2      | Reached skill level 5 in Armour
  1067 | D:2      | Reached skill level 5 in Shields
  1067 | D:2      | Reached XP level 4. HP: 41/41 MP: 3/3
  1067 | D:2      | Reached XP level 5. HP: 47/47 MP: 4/4
  1246 | D:2      | Noticed Natasha
  1253 | D:2      | Killed Natasha
  1502 | D:3      | Reached XP level 6. HP: 53/53 MP: 5/5
  1528 | D:3      | Noticed Jessica
  1532 | D:3      | Killed Jessica
  1816 | D:3      | Reached skill level 5 in Long Blades
  1887 | D:3      | Found a faded altar of an unknown god.
  1910 | D:3      | Became a worshipper of Xom of Chaos
  1935 | D:3      | XOM: silly message
  1944 | D:3      | XOM: divination: detect items
  2292 | D:3      | Found a sparkling altar of Nemelex Xobeh.
  2390 | D:4      | XOM: enchant monster (good)
  2476 | D:4      | XOM: noise
  2658 | D:4      | Reached XP level 7. HP: 43/60 MP: 6/6
  2670 | D:4      | Reached skill level 5 in Fighting
  3002 | D:4      | Found an iron altar of Okawaru.
  3013 | D:4      | Fell from the grace of Xom
  3013 | D:4      | Became a worshipper of Warmaster Okawaru
  3128 | D:4      | Reached skill level 6 in Long Blades
  3179 | D:4      | Found Mesudu's Antique Armour Shop.
  3187 | D:4      | XOM: torment (32/61 hp)
  3228 | D:4      | XOM: give mutations
  3228 | D:4      | Gained mutation: You are resistant to hostile enchantments.
                  | (MR+) [Xom's grace]
  3228 | D:4      | Gained mutation: You are agile. (Dex +2) [Xom's grace]
  3345 | D:4      | XOM: give mutation
  3345 | D:4      | Gained mutation: You occasionally shout uncontrollably at
                  | your foes. [Xom's mischief]
  3369 | D:4      | XOM: draining
  3440 | D:4      | Found a basalt altar of Yredelemnul.
  3550 | D:5      | Entered Level 5 of the Dungeon
  3727 | D:5      | Noticed Eustachio
  3963 | D:5      | Noticed Grinder
  3994 | D:5      | Killed Grinder
  4094 | D:5      | XOM: scenery: create altars
  4191 | D:5      | Found an iron altar of Okawaru.
  4204 | D:5      | Found a glowing silver altar of Zin.
  4302 | D:5      | Noticed Duvessa
  4302 | D:5      | Noticed Dowan
  4316 | D:5      | Killed Duvessa
  4316 | D:5      | Reached * piety under Okawaru
  4316 | D:5      | Reached skill level 7 in Long Blades
  4316 | D:5      | Reached XP level 8. HP: 52/69 MP: 7/7
  4322 | D:5      | Killed Dowan
  4328 | D:5      | Killed Eustachio
  4518 | D:5      | Noticed Menkaure
  4524 | D:5      | Killed Menkaure
  4524 | D:5      | XOM: give mutations
  4524 | D:5      | Gained mutation: You tend to lose your temper in combat.
                  | [Xom's mischief]
  4524 | D:5      | Gained mutation: You are frail. (-10% HP) [Xom's mischief]
  4525 | D:5      | Found a bloodstained altar of Trog.
  4668 | D:5      | XOM: give mutation
  4668 | D:5      | Gained mutation: You are surrounded by a mild repulsion
                  | field. (EV +2) [Xom's mischief]
  4745 | D:5      | Found a white marble altar of Elyvilon.
  4936 | D:5      | XOM: give mutations
  4936 | D:5      | Gained mutation: Scrolls take you a little longer to read.
                  | [Xom's mischief]
  4936 | D:5      | Lost mutation: You are agile. (Dex +2) [Xom's mischief]
  4936 | D:5      | Lost mutation: You are frail. (-10% HP) [Xom's mischief]
  5243 | D:6      | Reached skill level 8 in Long Blades
  5270 | D:6      | XOM: 1-stop teleportation journey
  5360 | D:6      | Noticed Maggie
  5374 | D:6      | Killed Maggie
  5374 | D:6      | Reached skill level 9 in Long Blades
  5472 | D:6      | Noticed a gargoyle
  5490 | D:6      | Killed a gargoyle
  5490 | D:6      | Reached ** piety under Okawaru
  5490 | D:6      | Reached XP level 9. HP: 51/77 MP: 8/8
  5802 | D:6      | Lost mutation: Scrolls take you a little longer to read.
                  | [potion of mutation]
  5802 | D:6      | Lost mutation: You are resistant to hostile enchantments.
                  | (MR+) [potion of mutation]
  5802 | D:6      | Lost mutation: You tend to lose your temper in combat.
                  | [potion of mutation]
  5802 | D:6      | Gained mutation: You tend to lose your temper in combat.
                  | [potion of mutation]
  5802 | D:6      | Gained mutation: Your spells are a little harder to cast,
                  | but a little more powerful. [potion of mutation]
  6090 | D:7      | Reached skill level 10 in Long Blades
  6110 | D:7      | XOM: summons 2 hostile shadow creatures
  6119 | D:7      | HP: 3/78 [phantom[Xom] (1)]
  6952 | D:7      | Found a staircase to the Ecumenical Temple.
  7186 | Temple   | Entered the Ecumenical Temple
  7410 | D:8      | Reached *** piety under Okawaru
  7467 | D:8      | Reached skill level 11 in Long Blades
  7663 | D:8      | Reached XP level 10. HP: 83/84 MP: 9/9
  7664 | D:8      | Lost mutation: You occasionally shout uncontrollably at
                  | your foes. [potion of mutation]
  7664 | D:8      | Lost mutation: You tend to lose your temper in combat.
                  | [potion of mutation]
  7664 | D:8      | Lost mutation: You are surrounded by a mild repulsion
                  | field. (EV +2) [potion of mutation]
  7664 | D:8      | Gained mutation: You are dopey. (Int -2) [potion of
                  | mutation]
  7664 | D:8      | Gained mutation: You are robust. (+10% HP) [potion of
                  | mutation]
  7664 | D:8      | Gained mutation: You are resistant to hostile enchantments.
                  | (MR+) [potion of mutation]
  7759 | D:8      | XOM: noise
  7939 | D:8      | XOM: enchant monster (bad)
  7988 | D:8      | Found a sparkling altar of Nemelex Xobeh.
  8332 | D:9      | Reached **** piety under Okawaru
  8407 | D:9      | Found Osuu's Distillery.
  8412 | D:9      | Noticed an elephant
  8413 | D:9      | Found a staircase to the Lair.
  8431 | D:9      | Killed an elephant
  8431 | D:9      | Reached skill level 12 in Long Blades
  8431 | D:9      | Reached skill level 1 in Invocations
  8486 | D:9      | Bought a potion of might for 52 gold pieces
  8486 | D:9      | Bought a potion of ambrosia for 104 gold pieces
  8486 | D:9      | Bought a potion of heal wounds for 65 gold pieces
  8834 | D:10     | Entered Level 10 of the Dungeon
  8846 | D:10     | XOM: 3-stop teleportation journey
  8976 | D:10     | Reached ***** piety under Okawaru
  9109 | D:10     | Reached skill level 10 in Shields
  9177 | D:10     | Received a gift from Okawaru
  9267 | D:10     | Noticed a gargoyle
  9272 | D:10     | Noticed a two-headed ogre
  9274 | D:10     | Killed a gargoyle
  9274 | D:10     | Reached skill level 13 in Long Blades
  9284 | D:10     | Killed a two-headed ogre
  9284 | D:10     | Reached XP level 11. HP: 61/102 MP: 12/12
  9549 | D:10     | XOM: give mutations
  9549 | D:10     | Gained mutation: You are clumsy. (Dex -2) [Xom's mischief]
  9549 | D:10     | Lost mutation: Your spells are a little harder to cast, but
                  | a little more powerful. [Xom's mischief]
  9549 | D:10     | Lost mutation: You are clumsy. (Dex -2) [Xom's mischief]
  9909 | D:10     | XOM: give mutation
  9909 | D:10     | Lost mutation: You are robust. (+10% HP) [Xom's mischief]
 10120 | D:10     | XOM: summons 1 hostile demon
 10164 | D:10     | XOM: summons 7 hostile demons
 10287 | D:10     | XOM: summons 3 hostile shadow creatures
 10288 | D:10     | Noticed a centaur warrior
 10474 | D:11     | Noticed Josephine
 10493 | D:10     | Killed Josephine
 10871 | D:10     | XOM: noise
 10912 | D:11     | XOM: noise
 10917 | D:11     | Reached skill level 10 in Armour
 10917 | D:11     | Noticed Erica
 10934 | D:11     | Killed Erica
 10982 | D:11     | Reached skill level 14 in Long Blades
 11392 | D:11     | Noticed an unseen horror
 11403 | D:11     | Killed an unseen horror
 11569 | D:11     | Found Nyseywk's Armour Shoppe.
 11628 | D:11     | Received a gift from Okawaru
 11676 | D:11     | Found a staircase to the Orcish Mines.
 11709 | D:11     | Identified the Collected Works on Good Luck and the Glacier
 11884 | D:12     | Reached skill level 5 in Invocations
 11912 | D:12     | Noticed a soul eater
 11919 | D:12     | Reached XP level 12. HP: 103/103 MP: 14/14
 12117 | D:12     | Noticed Rupert
 12143 | D:12     | Killed Rupert
 12225 | D:12     | Noticed Kirke
 12228 | D:12     | XOM: swap monsters
 12230 | D:12     | Reached skill level 15 in Long Blades
 12234 | D:12     | Noticed a sphinx
 12258 | D:12     | Killed Kirke
 12727 | D:13     | Received a gift from Okawaru
 13030 | D:13     | Noticed an ironheart preserver
 13036 | D:13     | Reached skill level 10 in Fighting
 13046 | D:13     | Killed an ironheart preserver
 13047 | D:13     | Noticed a centaur warrior
 13049 | D:13     | Reached XP level 13. HP: 62/113 MP: 17/17
 13085 | D:13     | HP: 5/113 [centaur warrior/arrow (6)]
 13840 | D:13     | Received a gift from Okawaru
 14322 | D:13     | Found a gate to the Vaults.
 15004 | D:14     | XOM: noise
 15064 | D:14     | XOM: torment (58/113 hp)
 15329 | D:14     | Identified the Disquisition on the Enchanting Escort
 15722 | D:14     | Reached skill level 16 in Long Blades
 15857 | D:14     | Found Faywnet's Magic Scroll Shop.
 15868 | D:14     | Bought a scroll of identify for 24 gold pieces
 15868 | D:14     | Bought a scroll of blinking for 90 gold pieces
 15868 | D:14     | Bought a scroll of blinking for 90 gold pieces
 15982 | D:14     | XOM: noise
 15982 | D:14     | Was forgiven by Xom
 15984 | D:14     | Noticed Agnes
 16019 | D:14     | Killed Agnes
 16235 | D:14     | Received a gift from Okawaru
 16236 | D:14     | Got a spiked cloak {god gift}
 16247 | D:14     | Identified the +1 cloak "Dypeogh" {MR- Int+6} (Okawaru
                  | gifted it to you on level 14 of the Dungeon)
 17102 | D:15     | Entered Level 15 of the Dungeon
 17143 | D:14     | HP: 5/174 [poisoned by a death drake (dark miasma)]
 17144 | D:14     | HP: 1/174 [poisoned by a death drake (dark miasma)]
 17145 | D:14     | Succumbed to a death drake's dark miasma

Illustrated notes

Levels and vault maps discovered:
D:1:      dpeg_arrival_more_subterranean_lakeside_camping, layout_basic
D:2:      layout_basic, grunt_decor_cap, grunt_ministairs_1, uniq_natasha,
          uniq_sigmund, uniq_terence
D:3:      layout_loops_ring, nemelex_xobeh_ov_fountains_minmay, first_ration,
          chequers_ecumenical_altar_simple_redux, uniq_jessica
D:4:      layout_cave_pods, lemuel_coloured_pillars_altar, serial_shops, shop,
          okawaru_ov_weapons_minmay
D:5:      layout_loops_ring, nicolae_overflow_quartered_altars, uniq_grinder,
          uniq_eustachio, uniq_duvessa, uniq_menkaure
D:6:      layout_cave_pools, uniq_maggie
D:7:      layout_gridville, minmay_temple_entry_trees
D:8:      layout_gridville, hangedman_pestilent_swarm, nemelex_dance_club_becter
D:9:      layout_rooms, david_lair_generic, serial_shops, shop_statue
D:10:     layout_grid_maze
D:11:     layout_big_octagon, orc_0_dummy, serial_shops, kennysheep_little_box,
          corexii_hall_statues_l, kennysheep_crisscross, uniq_erica,
          uniq_josephine
D:12:     layout_rooms, uniq_rupert, uniq_kirke
D:13:     layout_basic, skrybe_vaults_entry_preservation, minmay_lindwurm_lava
D:14:     layout_stronghold, serial_shops, shop, minivault_27, uniq_agnes
D:15:     gammafunk_enter_depths_forms, layout_stronghold,
          hangedman_abyss_or_decor_lesser_grid, wad_floor_pattern_untrapped,
          st_stairs_13
Temple:   eino_temple_scatter_basement

Skill      XL: |  1  2  3  4  5  6  7  8  9 10 11 12 13 |
---------------+----------------------------------------+-----
Fighting       | 4 5 6 7 8 10 11 | 11.0
Shields        | 4 5 6 7 9 10 12 13 14 | 14.6
Armour         | 4 5 7 8 9 10 11 | 11.7
Long Blades    | 4 5 7 9 11 13 14 15 16 | 16.5
Invocations    | 2 5 6 8 |  8.0

Action                   |  1- 3 |  4- 6 |  7- 9 | 10-12 | 13-15 || total
-------------------------+-------+-------+-------+-------+-------++-------
Melee: Long sword        |    73 |   146 |   351 |   394 |       ||   964
       Headbutt          |    13 |    31 |    78 |   198 |    97 ||   417
       Scimitar          |       |       |       |   254 |   186 ||   440
       Demon blade       |       |       |       |    46 |   183 ||   229
Invok: Heroism           |       |       |     2 |     3 |     1 ||     6
       Finesse           |       |       |       |       |     1 ||     1
  Use: Potion            |       |       |     8 |     3 |     2 ||    13
       Scroll            |       |       |    12 |     6 |     1 ||    19
  Eat: Chunk             |     1 |     5 |     9 |    13 |     7 ||    35
       Ration            |       |       |     2 |     3 |     2 ||     7
Armor: Scale mail        |    40 |    64 |    44 |       |       ||   148
       Chain mail        |       |       |    40 |       |       ||    40
       Plate armour      |       |       |    41 |   186 |    83 ||   310
       Skin              |       |       |       |    38 |       ||    38
Dodge: Dodged            |    22 |    43 |    97 |    97 |    49 ||   308
       Repelled          |       |       |       |     1 |     3 ||     4
Block: Kite shield       |    44 |    64 |   279 |   642 |   288 ||  1317
       Reflection        |       |       |    16 |    48 |    15 ||    79
       Rpst.: Long sword |     5 |    12 |    25 |    18 |       ||    60
       Scimitar          |       |       |       |     8 |     8 ||    16
       Demon blade       |       |       |       |     2 |     6 ||     8

Table legend:
 A = Non-vault XP
 B = Vault XP
 C = Vault XP percentage of total XP
 D = Non-vault monster count
 E = Vault monster count
 F = Vault count percentage of total count
                 A         B        C        D         E       F
            +---------+---------+-------+---------+---------+-------
      Total |   41680 |   18529 |  30.8 |     410 |      45 |   9.9
            +---------+---------+-------+---------+---------+-------
        D:1 |      34 |       0 |   0.0 |      18 |       0 |   0.0
        D:2 |      18 |     316 |  94.6 |      11 |       5 |  31.2
        D:3 |     204 |      37 |  15.4 |      41 |       1 |   2.4
        D:4 |     328 |       0 |   0.0 |      15 |       0 |   0.0
        D:5 |     211 |     832 |  79.8 |       7 |       5 |  41.7
        D:6 |     862 |     385 |  30.9 |      17 |       1 |   5.6
        D:7 |    1311 |       0 |   0.0 |      43 |       0 |   0.0
        D:8 |    1577 |     479 |  23.3 |      20 |       6 |  23.1
        D:9 |     856 |     987 |  53.6 |      20 |       4 |  16.7
       D:10 |    4413 |    1725 |  28.1 |      36 |       4 |  10.0
       D:11 |    4893 |     876 |  15.2 |      53 |       1 |   1.9
       D:12 |    5737 |    5948 |  50.9 |      38 |       5 |  11.6
       D:13 |    9151 |    2784 |  23.3 |      55 |       8 |  12.7
       D:14 |   11882 |    2904 |  19.6 |      35 |       2 |   5.4
       D:15 |     203 |    1256 |  86.1 |       1 |       3 |  75.0
            +---------+---------+-------+---------+---------+-------
